Map: Last Fantasy LE

Players

herO - Winner!

  • Race: Protoss Protoss
  • League: Grandmaster
  • Spawn Location: 3:00

ByuN

  • Race: Terran Terran
  • League: Master
  • Spawn Location: 12:00

VOD

Have the link to the VOD?

Description

Time

  • Played on: June 3, 2025, 9:35 p.m.
  • Length: 10:40
Show
View Real Time Build Order
Export as new Build Order

herO Protoss - Winner!

Build Orders: 1 Gate Expand, Phoenix Opening, Blink Stalkers 

Get SALT Encoding   

  12  0:00  Probe  
  13  0:12  Probe  
  14  0:17  Pylon  
  14  0:23  Probe  
  15  0:31  Probe  
  16  0:38  Gateway  
  16  0:39  Probe  
  16  0:47  Assimilator  
  17  0:50  Probe  
  18  1:03  Probe  
  19  1:15  Probe  
  20  1:25  Cybernetics Core  
  20  1:35  Nexus  
  20  1:42  Pylon  
  20  1:45  Probe  
  21  1:52  Assimilator  
  21  1:57  Probe  
  21  1:59  Stalker  
  22  2:05  Warp Gate  
  24  2:09  Probe  
  25  2:17  Shield Battery  
  25  2:18  Probe  
  26  2:27  Probe  
  26  2:28  Phoenix  
  26  2:29  Sentry  
  28  2:35  Probe  
  29  2:43  Probe  
  30  2:44  Twilight Council  
  30  2:48  Probe  
  30  2:50  Stalker  
  30  2:51  Blink, Probe  
  35  3:00  Probe  
  35  3:02  Probe  
  37  3:11  Gateway  
  37  3:14  Probe x2  
  37  3:15  Phoenix  
  39  3:26  Probe x2  
  41  3:31  Gateway  
  41  3:38  Pylon  
  41  3:39  Probe x2  
  43  3:47  Pylon  
  43  3:51  Probe  
  43  3:55  Stalker  
  46  3:56  Probe  
  47  4:03  Probe  
  47  4:06  Assimilator, Stalker  
  50  4:10  Phoenix  
  50  4:12  Probe  
  50  4:15  Probe, Pylon  
  52  4:19  Stalker  
  54  4:27  Probe  
  54  4:28  Probe  
  56  4:32  Robotics Facility  
  56  4:33  Stalker x2  
  60  4:42  Stalker  
  62  4:45  Pylon  
  62  4:54  Nexus  
  62  5:00  Probe x2  
  64  5:07  Assimilator  
  64  5:08  Charge  
  64  5:12  Probe x2  
  66  5:21  Templar Archives  
  66  5:22  Shield Battery  
  66  5:23  Immortal  
  66  5:24  Probe  
  66  5:25  Probe  
  66  5:27  Pylon  
  72  5:35  Pylon, Sentry  
  72  5:36  Zealot x2  
  72  5:41  Psionic Storm  
  78  5:43  Probe x2  
  78  5:44  Phoenix  
  78  5:45  Pylon  
  80  5:51  Probe x2  
  80  5:56  Pylon  
  82  5:59  Probe x2  
  84  6:06  Probe  
  84  6:07  High Templar  
  84  6:08  Zealot x2  
  84  6:11  Probe x2  
  93  6:18  Probe  
  94  6:21  Gateway  
  94  6:22  Gateway  
  93  6:26  Probe x2  
  93  6:30  Probe  
  93  6:31  Gateway  
  96  6:34  Warp Prism  
  98  6:42  Shield Battery  
  98  6:43  Forge  
  98  6:45  High Templar x2  
  102  6:49  High Templar  
  102  6:51  Protoss Ground Weapons Level 1  
  102  6:54  Nexus  
  104  7:01  Pylon, Probe, Shield Battery  
  104  7:02  Probe x2  
  104  7:04  Pylon  
  107  7:11  Gateway x2  
  107  7:16  Shield Battery  
  107  7:21  Zealot  
  107  7:22  Robotics Bay  
  109  7:24  Zealot x2  
  109  7:27  Observer  
  109  7:29  Probe x3  
  117  7:31  Photon Cannon  
  117  7:37  High Templar, Pylon, Zealot  
  117  7:40  Zealot  
  117  7:43  Probe x3  
  126  7:45  Zealot x2  
  126  7:48  Pylon  
  130  7:52  Forge  
  130  7:53  Pylon  
  130  7:56  Zealot  
  132  7:59  Colossus  
  132  8:00  High Templar  
  132  8:02  Assimilator, Probe  
  132  8:03  Probe x2  
  137  8:06  Assimilator  
  137  8:07  Zealot x2  
  137  8:08  Probe  
  137  8:11  Protoss Ground Armor Level 1  
  148  8:20  Extended Thermal Lance  
  148  8:22  Zealot x3  
  148  8:25  Photon Cannon  
  154  8:31  Pylon  
  154  8:38  Colossus  
  154  8:39  Robotics Facility  
  154  8:51  Photon Cannon  
  154  8:53  Photon Cannon  
  160  8:57  High Templar, Zealot x2  
  160  8:58  Zealot x4  
  160  8:59  Zealot  
  176  9:09  Gateway  
  176  9:10  Gateway  
  176  9:11  Pylon  
  176  9:13  Pylon  
  176  9:16  Pylon  
  176  9:30  Colossus  
  176  9:31  Stalker x4  
  184  9:32  Zealot  
  184  9:35  Zealot  
  184  9:36  Zealot  
  196  9:39  Zealot  
  198  9:52  Archon  
  156  10:07  Stalker x9  
  156  10:09  Stalker  
  172  10:19  Archon  
Show
View Real Time Build Order
Export as new Build Order

ByuN Terran 

Build Orders:  

Get SALT Encoding   

  12  0:00  SCV  
  13  0:12  SCV  
  14  0:18  Supply Depot  
  14  0:24  SCV  
  15  0:40  SCV  
  15  0:41  Barracks  
  16  0:44  Refinery  
  16  0:52  SCV  
  17  1:04  SCV  
  18  1:16  SCV  
  19  1:28  Orbital Command  
  19  1:41  Marine, Command Center  
  20  1:54  SCV  
  20  1:57  Factory  
  21  2:03  Barracks Reactor  
  21  2:06  SCV  
  21  2:08  Refinery  
  22  2:14  Supply Depot  
  22  2:18  SCV  
  23  2:35  SCV  
  24  2:40  Marine x2, Factory Tech Lab  
  24  2:41  Starport  
  26  2:47  SCV  
  27  2:54  Orbital Command  
  27  3:00  SCV  
  27  3:02  Cyclone  
  31  3:07  Marine  
  31  3:08  Marine  
  31  3:12  SCV  
  34  3:15  Orbital Command  
  34  3:17  Medivac  
  36  3:24  SCV  
  36  3:25  Marine x2  
  39  3:31  Supply Depot  
  39  3:36  SCV  
  40  3:41  SCV  
  40  3:43  Siege Tank  
  40  3:48  Starport Tech Lab  
  44  3:49  SCV  
  44  3:53  SCV  
  46  3:57  Marine x2  
  46  4:01  SCV  
  49  4:04  Barracks  
  49  4:05  Supply Depot, SCV  
  50  4:13  Raven, SCV  
  53  4:18  SCV  
  53  4:23  Refinery  
  54  4:27  Marine x2, SCV  
  54  4:30  SCV  
  58  4:35  Siege Tank  
  61  4:39  Supply Depot, SCV  
  61  4:40  Bunker  
  62  4:46  Engineering Bay  
  62  4:57  Barracks  
  62  5:00  SCV x2  
  62  5:02  Marine x2  
  62  5:03  Marine, Stimpack  
  58  5:12  SCV x2  
  58  5:13  Supply Depot  
  60  5:20  Refinery  
  60  5:21  Marine x2  
  60  5:22  Siege Tank  
  60  5:23  Starport Reactor  
  60  5:25  Marine, SCV x2  
  68  5:32  Terran Infantry Weapons Level 1  
  68  5:35  Supply Depot  
  68  5:37  SCV x2  
  68  5:42  Marine x2  
  72  5:43  Marauder  
  74  5:52  SCV x2  
  76  5:59  Command Center  
  76  6:00  Supply Depot  
  76  6:02  Factory Reactor, Marauder  
  76  6:03  Combat Shield  
  78  6:05  Marauder  
  78  6:07  SCV x2  
  78  6:10  Marine x2  
  84  6:11  Supply Depot  
  84  6:14  Medivac  
  86  6:22  Medivac  
  88  6:29  Supply Depot, SCV x2  
  90  6:33  Barracks x2  
  90  6:38  Marauder x2  
  90  6:39  Marine x2  
  96  6:41  SCV  
  96  6:42  SCV  
  98  6:50  Medivac  
  98  6:52  Medivac  
  102  6:55  Ghost Academy  
  102  6:57  SCV x2  
  104  7:02  Marauder  
  104  7:03  Marauder  
  104  7:07  Marine x2  
  110  7:11  Supply Depot  
  110  7:13  Orbital Command  
  110  7:21  Barracks Tech Lab, Barracks Reactor  
  110  7:22  SCV x2  
  112  7:25  Ghost  
  112  7:27  Ghost  
  112  7:28  Concussive Shells  
  118  7:33  Marine x2  
  122  7:38  SCV x2  
  122  7:42  Orbital Command  
  122  7:44  Supply Depot  
  124  7:49  Viking x2  
  124  7:50  SCV  
  127  7:56  SCV  
  127  7:57  Supply Depot  
  128  8:02  Supply Depot, SCV  
  128  8:04  Ghost  
  128  8:05  Marine x2, Ghost  
  135  8:06  Marine x2  
  135  8:08  Refinery  
  135  8:11  Refinery, SCV x2, Supply Depot  
  141  8:15  Supply Depot  
  141  8:19  SCV  
  142  8:24  SCV x2  
  144  8:27  Viking, Medivac  
  144  8:32  Terran Infantry Armor Level 1, Supply Depot x2  
  149  8:39  SCV x3  
  151  8:47  Armory  
  151  8:48  Engineering Bay  
  149  8:52  Command Center  
  149  8:55  Sensor Tower  
  149  8:57  Marauder x3  
  149  9:02  Marine x4  
  159  9:03  Missile Turret  
  161  9:10  Medivac  
  161  9:13  Viking  
  164  9:17  SCV x3  
  166  9:26  Ghost  
  166  9:27  Ghost  
  166  9:28  Ghost  
  175  9:32  Barracks x2  
  175  9:33  Barracks  
  175  9:34  Starport  
  175  9:38  Supply Depot  
  175  9:45  Sensor Tower  
  159  9:56  Marine x2, Marauder x2  
  159  9:59  SCV x3  
  141  10:04  Marauder  
  143  10:08  Marine  
  143  10:09  Marine  
  143  10:11  SCV x3  
  143  10:14  Marine  
  143  10:17  Marauder x2  
  107  10:22  Marine  
  107  10:24  Barracks Tech Lab x2, Barracks Reactor  
  107  10:26  SCV x2  
  107  10:27  SCV  
Tags
 
Add a new tag
Caveats
  • Supply blocks, unpowered buildings, or Contaminate may cause inaccurate times.
  • Supply counts are checked every 10 seconds.